Map: 国王藏宝地-天梯版

Players

Crimson

  • Race: Zerg Zerg
  • League: Master

Maru - Winner!

  • Race: Terran Terran
  • League: Gold

Event: WESG 2018 Grand Finals

VOD

Have the link to the VOD?

Description

Time

  • Played on: March 11, 2019, 5:09 a.m.
  • Length: 8:21

All games in this series

Show
View Real Time Build Order
Export as new Build Order

Crimson Zerg 

Build Orders: Hatch First 

Get SALT Encoding   

  12  0:00  Drone  
  13  0:12  Overlord  
  13  0:18  Drone  
  14  0:30  Drone  
  14  0:31  Drone  
  16  0:51  Hatchery  
  16  0:54  Drone  
  16  0:57  Drone  
  16  1:00  Drone  
  18  1:11  Extractor  
  17  1:16  Spawning Pool  
  16  1:21  Drone  
  16  1:22  Drone  
  18  1:29  Drone  
  19  1:40  Drone  
  20  1:49  Drone  
  21  2:03  Queen x2  
  21  2:04  Zergling x4  
  27  2:18  Overlord  
  27  2:20  Drone  
  28  2:32  Metabolic Boost  
  28  2:39  Queen  
  28  2:42  Drone  
  30  2:48  Overlord  
  30  2:52  Drone  
  31  2:58  Drone  
  31  3:00  Drone x2  
  31  3:01  Drone  
  35  3:07  Drone  
  35  3:11  Hatchery  
  35  3:12  Drone x2  
  37  3:17  Drone x2  
  37  3:18  Drone  
  40  3:22  Overlord  
  40  3:25  Queen  
  42  3:29  Drone  
  43  3:38  Drone  
  44  3:42  Drone x2  
  44  3:43  Evolution Chamber  
  45  3:51  Drone x4  
  45  3:52  Drone x2  
  51  3:57  Overlord  
  51  4:02  Overlord  
  51  4:10  Zerg Ground Armor Level 1  
  51  4:15  Queen x2  
  55  4:18  Drone x3  
  58  4:25  Drone x2  
  58  4:26  Drone  
  61  4:31  Queen  
  61  4:35  Zergling x4  
  61  4:36  Zergling x4  
  67  4:40  Zergling x8  
  71  4:47  Overlord  
  71  4:50  Zergling x2  
  72  4:52  Baneling Nest  
  72  4:53  Queen, Extractor  
  72  4:55  Zergling x4  
  74  5:00  Overlord  
  74  5:01  Overlord  
  74  5:05  Lair  
  74  5:07  Zergling x8  
  74  5:13  Zergling x2  
  74  5:14  Zergling x2  
  76  5:33  Zergling x6  
  73  5:38  Drone x3  
  73  5:40  Zergling x4  
  73  5:41  Zergling x6  
  81  5:43  Baneling x3  
  81  5:48  Evolution Chamber, Drone x2  
  82  5:52  Zergling x8  
  85  5:57  Drone  
  85  6:00  Overlord  
  86  6:07  Drone  
  86  6:08  Drone  
  88  6:12  Extractor x2  
  88  6:15  Drone  
  88  6:16  Overlord  
  88  6:17  Zergling x8, Hatchery  
  88  6:18  Overseer  
  90  6:21  Hatchery  
  90  6:25  Extractor  
  88  6:27  Drone x3  
  88  6:28  Drone x2  
  91  6:43  Baneling x4  
  91  6:44  Zergling x14  
  91  6:46  Drone x2  
  99  6:52  Zergling x4  
  100  6:59  Zergling x10  
  88  7:02  Zergling x2  
  88  7:06  Zergling x2  
  83  7:09  Zergling x2, Baneling x5  
  83  7:13  Zergling x2  
  78  7:17  Baneling x4  
  78  7:18  Zergling x2  
  70  7:27  Drone x5  
  73  7:30  Zergling x4  
  73  7:31  Baneling  
  73  7:32  Baneling x2  
  73  7:33  Zergling x4  
  76  7:38  Zergling x2  
  76  7:41  Queen x2  
  83  7:47  Zergling x8  
  83  7:48  Zergling x6  
  83  7:49  Zergling x6  
  88  7:52  Zergling x4  
  88  7:57  Zergling x2  
  86  7:59  Baneling x2  
  86  8:01  Zergling x4  
Show
View Real Time Build Order
Export as new Build Order

Maru Terran - Winner!

Build Orders: Reaper Expand 

Get SALT Encoding   

  12  0:00  SCV  
  13  0:12  SCV  
  14  0:17  Supply Depot  
  14  0:24  SCV  
  15  0:39  SCV  
  15  0:40  Barracks  
  16  0:44  Refinery  
  16  0:51  SCV  
  17  1:03  SCV  
  18  1:15  SCV  
  19  1:27  Orbital Command  
  19  1:28  Reaper  
  20  1:42  Command Center  
  20  1:53  SCV  
  21  1:57  Barracks  
  21  2:02  Barracks Reactor  
  21  2:05  SCV  
  22  2:12  Supply Depot  
  22  2:17  SCV  
  22  2:19  Refinery  
  23  2:33  Factory  
  23  2:34  SCV  
  24  2:40  Marine  
  24  2:41  Marine  
  26  2:45  Barracks Tech Lab  
  26  2:46  SCV  
  26  2:54  Orbital Command  
  26  2:58  Marine x2  
  26  3:02  SCV  
  29  3:09  Stimpack  
  29  3:14  SCV  
  29  3:19  Marine x3  
  33  3:21  SCV  
  34  3:29  Starport  
  34  3:31  SCV  
  34  3:32  Factory Reactor  
  35  3:35  SCV  
  35  3:38  Marine x2  
  35  3:39  Marine  
  39  3:46  SCV, Supply Depot  
  41  3:48  SCV  
  41  3:56  Marine x2  
  41  3:57  Marine  
  41  3:59  SCV  
  41  4:00  SCV  
  46  4:02  Supply Depot  
  46  4:11  SCV  
  46  4:12  SCV  
  46  4:14  Medivac  
  46  4:15  Medivac  
  52  4:17  Marine  
  52  4:18  Marine  
  52  4:24  Marine  
  54  4:26  Engineering Bay  
  54  4:27  Engineering Bay  
  54  4:29  SCV x2  
  57  4:33  Supply Depot  
  57  4:38  Marine x2  
  59  4:41  Marine  
  59  4:42  SCV x2  
  62  4:47  Supply Depot  
  62  4:54  Terran Infantry Weapons Level 1, Terran Infantry Armor Level 1  
  62  4:55  SCV  
  62  4:57  Marine x2  
  62  4:59  Marine  
  66  5:09  Combat Shield  
  66  5:11  Command Center  
  66  5:15  Marine x2  
  66  5:20  SCV x2  
  69  5:32  Marine  
  69  5:34  Medivac x2  
  69  5:35  Marine x2  
  69  5:37  SCV  
  69  5:38  Supply Depot  
  69  5:41  SCV  
  71  5:44  Refinery x2  
  71  5:45  Factory Tech Lab  
  71  5:49  SCV  
  72  5:52  Marine  
  72  5:53  Marine  
  72  5:54  SCV  
  75  6:01  SCV  
  76  6:04  Supply Depot  
  76  6:05  Marine  
  76  6:07  Siege Tank  
  76  6:10  Marine x2  
  82  6:22  Barracks  
  82  6:23  Marine  
  83  6:25  Barracks  
  83  6:26  Barracks  
  83  6:27  Marine, Orbital Command  
  83  6:28  Marine  
  83  6:32  SCV x2  
  87  6:42  Siege Tank  
  87  6:44  Medivac  
  87  6:46  Marine x3  
  93  6:53  Armory  
  93  6:55  SCV  
  90  7:01  SCV x2  
  90  7:03  Marine  
  90  7:04  Medivac, Marine x2  
  96  7:09  Orbital Command  
  96  7:11  Barracks Reactor  
  96  7:12  SCV  
  96  7:14  Siege Tank  
  100  7:19  Barracks Reactor  
  100  7:20  Barracks Reactor  
  100  7:22  SCV  
  101  7:24  SCV  
  101  7:25  Marine x2  
  101  7:26  Marine  
  103  7:32  Supply Depot  
  103  7:34  SCV  
  103  7:36  SCV  
  106  7:37  SCV  
  106  7:46  SCV  
  106  7:48  Marine x3  
  109  7:53  SCV x2  
  109  7:55  Supply Depot  
  109  7:58  SCV  
  112  8:02  Marine  
  112  8:03  Marine x3  
  117  8:06  SCV  
  117  8:08  SCV  
Tags
 
Add a new tag
Caveats
  • Supply blocks, unpowered buildings, or Contaminate may cause inaccurate times.
  • Supply counts are checked every 10 seconds.